AoeStats
← Chris

Lombardia

507861818Analyzed
4v4 RM · 12d ago on Sep 20, 2026· 30m 17s· 8 players
Game mode
Random Map
Map size
Large (8 player)
Population
200
Speed
Normal
Resources
Standard
Victory
Conquest
Starting age
Dark Age
Ending age
Imperial Age
RankedLock teamsTeams togetherTeam positionsShared explorationLock speedFull tech treeHidden civsTurbo modeCheats
Victory
Defeat
🇵🇪 Britons · Peru
1388
+12
1364
+13
🇲🇽 Tatars · Mexico
1283
+17
🇲🇽 Spanish · Mexico
1265
+17
🇺🇸 Persians · United States
1358
-17
🇺🇸 Hindustanis · United States
1305
-15
🇲🇽 Magyars · Mexico
1288
-14
🇲🇽 Saracens · Mexico
1249
-13
treehugger
6:11 Loom
11:21 Feudal Age
12:37 Double-Bit Axe
15:46 Castle Age
13:29 Horse Collar
14:08 Double-Bit Axe
16:29 Bow Saw
18:55 Heavy Plow
20:02 Wheelbarrow
24:43 Hand Cart
25:28 Stone Mining
27:42 Fletching
27:43 Town Watch
Chris
10:10 Feudal Age
10:32 Loom
10:45 Double-Bit Axe
12:06 Horse Collar
12:48 Forging
13:26 Scale Barding Armor
21:54 Castle Age
27:56 Heavy Plow
KOF Itachi
7:06 Loom
9:20 Feudal Age
10:08 Double-Bit Axe
20:02 Castle Age
18:03 Fletching
18:14 Padded Archer Armor
19:09 Scale Barding Armor
20:58 Thumb Ring
23:17 Bow Saw
23:31 Bodkin Arrow
23:52 Leather Archer Armor
28:55 Ballistics
mnmoose
8:47 Loom
11:10 Feudal Age
15:28 Castle Age
13:52 Double-Bit Axe
13:48 Horse Collar
17:33 Bow Saw
22:02 Wheelbarrow
22:30 Stone Mining
26:13 Scale Barding Armor
26:18 Gold Mining
27:13 Bloodlines
27:30 Chain Barding Armor
27:37 Husbandry
28:28 Forging
30:14 Iron Casting
31:01 Gold Shaft Mining
JAGR | CIHUACOATL
6:05 Loom
9:01 Feudal Age
9:56 Double-Bit Axe
14:16 Wheelbarrow
17:32 Castle Age
17:00 Padded Archer Armor
27:53 Hand Cart
27:24 Town Watch
28:41 Husbandry
28:52 Bloodlines
JAGR_Soyuncacahuate
10:24 Loom
12:11 Feudal Age
10:32 Loom
10:48 Loom
16:55 Castle Age
14:53 Double-Bit Axe
14:49 Horse Collar
17:36 Heavy Plow
17:48 Bow Saw
21:57 Wheelbarrow
21:43 Fletching
23:58 Bodkin Arrow
27:55 Hand Cart
28:08 Scale Barding Armor
28:34 Gold Mining
28:36 Stone Mining
30:50 Gold Shaft Mining
31:15 Ballistics
JAGR | Rojnar
6:05 Loom
8:49 Feudal Age
9:22 Double-Bit Axe
24:22 Castle Age
22:14 Fletching
22:38 Gold Mining
23:36 Padded Archer Armor
24:27 Crossbowman
25:14 Bodkin Arrow
26:27 Leather Archer Armor
26:31 Horse Collar
JAGR | TheButterfly_Effect
8:47 Loom
10:52 Feudal Age
14:39 Castle Age
13:41 Scale Barding Armor
13:47 Bloodlines
13:29 Double-Bit Axe
13:25 Horse Collar
13:39 Town Watch
15:18 Bloodlines
19:15 Husbandry
20:37 Scale Barding Armor
23:40 Bow Saw
24:07 Chain Barding Armor
26:23 Wheelbarrow
29:26 Hand Cart
32:49 Imperial Age
Connection lost

Rejoining the realm…

Still unreachable

The connection could not be restored.

Session expired

The server has moved on; the page needs a fresh start.